 Dungeon Crawl Stone Soup version 0.17.0-28-g6e173f8 (webtiles) character file.

100 dohliylev the Sneak (level 4, -13/34 HPs)
             Began as a Vampire Assassin on Nov 29, 2015.
             Mangled by an orc wizard
             ... wielding a +1 dagger of electrocution
              (19 damage)
             ... on level 3 of the Dungeon.
             The game lasted 00:05:04 (1499 turns).

dohliylev the Sneak (Vampire Assassin)              Turns: 1499, Time: 00:05:04

Health: -13/34     AC:  3    Str: 10    XL:     4   Next: 46%
Magic:  4/4        EV: 13    Int: 13    God:
Gold:   113        SH:  0    Dex: 16    Spells: 0 memorised, 3 levels left

rFire  . . .     SeeInvis +     v - -3 dagger (curse)
rCold  . . .     Clarity  .     c - +0 robe
rNeg   + . .     SustAt   .     (no shield)
rPois  .         Gourm    .     (no helmet)
rElec  .         Spirit   .     d - +0 cloak
rCorr  .         Warding  .     (no gloves)
rMut   .         Stasis   .     (no boots)
MR     .....                    (no amulet)
Stlth  ++++......               (no ring)
                                (no ring)

@: very slightly contaminated, not resistant to hostile enchantments, stealthy
A: fangs 3, see invisible, unbreathing
a: Bat Form


You were on level 3 of the Dungeon.
You were not thirsty.

You visited 1 branch of the dungeon, and saw 3 of its levels.

You collected 113 gold pieces.

Inventory:

Hand Weapons
 a - a +2 dagger
 b - a +0 blowgun
 r - a +2 dagger of draining
 v - a cursed -3 dagger (weapon)
Missiles
 e - 6 poisoned needles
 f - 2 curare-tipped needles
Armour
 c - a +0 robe (worn)
 d - a +0 cloak (worn)
 h - a +0 cloak
 n - a +0 shield
Jewellery
 s - a cursed amulet of inaccuracy {unknown}
Scrolls
 k - 2 scrolls of blinking
 l - a scroll of enchant weapon {unknown}
 p - a scroll of immolation {unknown}
 q - a scroll of fog {unknown}
 t - a scroll of recharging {unknown}
Potions
 g - 8 potions of blood
 j - a potion of curing {unknown}
 m - a potion of lignification {unknown}
 o - a potion of cancellation {unknown}
 u - a potion of brilliance {unknown}


   Skills:
 * Level 2.4 Fighting
 + Level 2.9 Short Blades
 + Level 1.6 Throwing
 * Level 2.7 Dodging
 + Level 7.0 Stealth


You had 3 spell levels left.
You didn't know any spells.

Dungeon Overview and Level Annotations

Branches:
Dungeon (3/15)

Altars:
Kikubaaqudgha


Innate Abilities, Weirdness & Mutations

You have razor-sharp teeth.
You have supernaturally acute eyesight.
You can survive without breathing.


Message History

The giant cockroach moves out of view.
The orc wizard casts a spell.
The orc wizard blinks!
The jackal bites you.
* * * LOW HITPOINT WARNING * * *
The orc shouts!
You hit the jackal but do no damage.
The orc wizard hits you with a dagger of electrocution.
* * * LOW HITPOINT WARNING * * *
The jackal closely misses you.
An orc comes into view. It is wielding a trident.
You miss the jackal.
The orc shouts!
You bite the jackal.
You draw the jackal's blood!
You feel better.
You feel slightly less thirsty.
The jackal is severely wounded.
The jackal bites you but does no damage.
The orc wizard hits you but does no damage.
You are electrocuted!
Ouch! That really hurt!
You die...

:..##########.#
..## #<# .##
#.## ## #..# #
#### ###
#######†#####.#
......h@or....#
###.###.###...#
#.# ..# .o. .
.§.# .#o## .##.
#. ..


You could see an orc wizard, 2 orcs, a jackal and a rat.

Vanquished Creatures
  Terence (D:2)
  An orc wizard (D:3)
  An adder (D:2)
  2 giant geckos (D:1)
  2 orcs (D:3)
  4 goblins
  5 hobgoblins
  A jackal (D:3)
  12 kobolds
  2 bats (D:1)
  3 giant newts
  4 rats
38 creatures vanquished.

Notes
Turn   | Place    | Note
--------------------------------------------------------------
     0 | D:1      | dohliylev the Vampire Assassin began the quest for the Orb.
     0 | D:1      | Reached XP level 1. HP: 16/16 MP: 1/1
    15 | D:1      | Reached skill level 6 in Stealth
   166 | D:1      | Reached XP level 2. HP: 9/22 MP: 2/2
   838 | D:2      | Noticed Terence
   844 | D:2      | Killed Terence
   844 | D:2      | Reached XP level 3. HP: 27/27 MP: 3/3
   940 | D:2      | Reached skill level 7 in Stealth
  1171 | D:2      | Found an ancient bone altar of Kikubaaqudgha.
  1175 | D:2      | Reached XP level 4. HP: 30/33 MP: 4/4
  1499 | D:3      | Mangled by an orc wizard

Action                   |  1- 3 |  4- 6 || total
-------------------------+-------+-------++-------
Melee: Dagger            |    81 |    18 ||    99
 Fire: Blowgun           |     4 |     3 ||     7
  Use: Scroll            |       |     2 ||     2
 Stab: Sleeping          |    11 |     4 ||    15
  Eat: Corpse            |     5 |       ||     5
